 Dungeon Crawl Stone Soup version 0.30-a0-989-g0d87f670db (webtiles) character file.

Game seed: 12700762779841318802

57 arthad the Digger (level 4, -2/25 HPs)
             Began as a Gargoyle Earth Elementalist on Apr 4, 2023.
             Killed by divine providence
             ... invoked by an orc priest
              (14 damage)
             ... on level 2 of the Dungeon.
             The game lasted 00:03:18 (1473 turns).

arthad the Digger (Gargoyle Earth Elementalist)     Turns: 1473, Time: 00:03:19

Health: -2/25      AC:  5    Str: 12    XL:     4   Next: 0%
Magic:  4/7        EV: 12    Int: 17    God:
Gold:   140        SH:  0    Dex: 10    Spells: 2/8 levels left

rFire   . . .      SeeInvis .    m - +2 dagger (elec)
rCold   . . .      Faith    .    (no shield)
rNeg    + . .      Spirit   .    a - +0 robe
rPois   ∞          Reflect  .    (no helmet)
rElec   +          Rampage  .    d - scarf {shadows}
rCorr   .                        (no gloves)
Will    .....                    (no boots)
Stlth   ++                       (no amulet)
HPRegen 0.24/turn                (no ring)
MPRegen 0.10/turn                (no ring)

@: no status effects
A: sickness immunity, AC +3, negative energy resistance 1, electricity
resistance, torment resistance 1, petrification resistance
a: no special abilities


You were on level 2 of the Dungeon.
You visited 1 branch of the dungeon, and saw 2 of its levels.

You collected 140 gold pieces.

Inventory:

Hand Weapons
 m - a +2 dagger of electrocution (weapon)
Missiles
 e - 4 poisoned darts
 h - 4 atropa-tipped darts
Armour
 a - a +0 robe (worn)
 d - a scarf of shadows (worn)
Magical Staves
 l - a staff of cold
Scrolls
 f - a scroll of immolation {unknown}
 g - 2 scrolls of identify {unknown}
 i - a scroll of teleportation {unknown}
 k - 2 scrolls of vulnerability {unknown}
Potions
 b - 2 potions of magic
 c - a potion of brilliance {unknown}
 j - a potion of might {unknown}


   Skills:
 + Level 1.2 Fighting
 + Level 0.9 Armour
 + Level 1.8 Dodging
 + Level 2.5 Stealth
 * Level 2.5 Spellcasting
 + Level 1.1 Transmutations
 * Level 4.1 Earth Magic


You had 2 spell levels left.
You knew the following spells:

 Your Spells              Type           Power      Damage    Failure   Level
a - Sandblast             Erth           32%        2d9       3%          1
b - Passwall              Tmut/Erth      9%         N/A       10%         2
c - Stone Arrow           Conj/Erth      18%        3d8       24%         3

Your spell library contained the following spells:

 Spells                   Type           Power      Damage    Failure   Level
 Apportation              Tloc           4%         N/A       19%         1
 Foxfire                  Conj/Fire      8%         2x1d2     19%         1
 Necrotise                Necr           8%         1d4       19%         1
 Summon Small Mammal      Summ           8%         N/A       19%         1
 Call Canine Familiar     Summ           2%         N/A       50%         3
 Ozocubu's Armour         Ice            2%         N/A       50%         3
 Portal Projectile        Hex/Tloc       4%         N/A       50%         3
 Petrify                  Tmut/Erth      11%        N/A       52%         4
 Leda's Liquefaction      Hex/Erth       4%         N/A       61%         4
 Fireball                 Conj/Fire      1%         3d3       99%         5
 Starburst                Conj/Fire      1%         6d3       100%        6
 Ozocubu's Refrigeration  Ice            1%         4d7       100%        7


Dungeon Overview and Level Annotations

Branches:
Dungeon (2/15)

Altars:

Shops:
D:2 [


Innate Abilities, Weirdness & Mutations

You are immune to sickness and miasma.
Your stone body is resilient. (AC +3)
You are immune to poison.
You resist negative energy. (rN+)
You are resistant to electric shocks. (rElec)
You are resistant to unholy torment.
You are immune to petrification.


Message History

This spell is extremely dangerous to cast!
Memorise Stone Arrow, consuming 3 spell levels and leaving 2?
You start memorising the spell.
You continue memorising. x3
You finish memorising.
Spell assigned to 'c'.
Okay, then.
Things that are here:
a +0 dagger; a stone
Found a stone staircase leading down.
Found Ilics's Armour Boutique.
There is an entrance to Ilics's Armour Boutique here.
You can access your shopping list by pressing '$'.
Found a stone staircase leading up.
Found an escape hatch in the ceiling.
An orc wizard comes into view. It is wielding a +0 dagger.
You can't see any susceptible monsters within range! (Use Z to cast anyway.)
An orc priest and an orc come into view.
The orc priest shouts!
The orc priest begins to cast a cantrip, but forgets the words!
The orc wizard casts a spell at you. The magic dart hits you.
An orc priest comes into view. It is wielding a +0 short sword.
You hear a shout!
The blast of sand hits the orc wizard.
The orc wizard is lightly wounded.
The orc priest shouts!
The orc shouts!
An orc comes into view. It is wielding a +0 hand axe.
The blast of sand hits the orc wizard.
The orc wizard is moderately wounded.
The blast of sand hits the orc wizard!
The orc wizard is almost dead.
The orc wizard hits you with a +0 dagger.
The orc priest calls down the wrath of Beogh upon you.
Beogh smites you!
The orc wizard hits you with a +0 dagger.
You are too injured to fight recklessly!
You are too injured to fight recklessly!
The orc priest mumbles some strange prayers to Beogh against you.
Beogh smites you!
Ouch! That really hurt!
You die...

... ..# ...
#.. #.# ####
#####.##.o...
##......oo.#
#..###@###o...
#.<....## #.
#####...#
#...## #
##...####..
##.......< #
#.####### .
####.##
##.....##


You could see 2 orc priests and an orc wizard.

Vanquished Creatures
  2 adders (D:2)
  A worm (D:2)
  4 orcs (D:2)
  4 ball pythons (D:1)
  3 bats
  3 giant cockroaches
  5 hobgoblins
  2 quokkas (D:1)
  A goblin (D:2)
  4 kobolds
  3 rats
32 creatures vanquished.

Notes
Turn   | Place    | Note
-------+----------+-------------------------------------------
     0 | D:1      | arthad the Gargoyle Earth Elementalist began the quest for
                  | the Orb.
     0 | D:1      | Reached XP level 1. HP: 10/10 MP: 3/3
   294 | D:1      | Reached XP level 2. HP: 15/15 MP: 3/5
   994 | D:2      | Reached skill level 1 in Transmutations
   994 | D:2      | Reached skill level 4 in Earth Magic
  1112 | D:2      | Reached XP level 3. HP: 20/20 MP: 1/6
  1306 | D:2      | Reached skill level 1 in Fighting
  1332 | D:2      | Reached XP level 4. HP: 24/25 MP: 0/7
  1428 | D:2      | Learned a level 2 spell: Passwall
  1432 | D:2      | Learned a level 3 spell: Stone Arrow
  1448 | D:2      | Found Ilics's Armour Boutique.
  1473 | D:2      | Killed from afar by an orc priest

Illustrated notes

Levels and vault maps discovered:
D:1:      dpeg_arrival_lava_temple_mockup, layout_loops_cross, minivault_19
D:2:      layout_rooms, serial_shops, shop, uniq_crazy_yiuf_cottage,
          uniq_natasha

Skill      XL: |  1  2  3 |
---------------+----------+-----
Transmutations | 1 |  1.1
Earth Magic    | 4 |  4.1
Fighting       | 1 |  1.2
Armour         | |  0.9
Dodging        | |  1.8
Stealth        | |  2.5
Spellcasting   | |  2.5

Action                     |  1- 3 |  4- 6 || total
---------------------------+-------+-------++-------
  Melee: Unarmed           |    34 |       ||    34
   Cast: Sandblast         |    46 |     3 ||    49
 Armour: Robe              |    27 |       ||    27
  Dodge: Dodged            |    61 |       ||    61

Table legend: (Time is in decaauts)
 A = Elapsed time spent in this place.
 B = Non-inter-level travel time spent in this place.
 C = Inter-level travel time spent in this place.
 D = Time resting spent in this place.
 E = Time spent auto-exploring this place.
 F = Levels seen in this place.
 G = Mean time per level.
                   A        B        C        D        E       F      G
               +--------+--------+--------+--------+--------+-----+--------+
         Total |   1496 |   1454 |     42 |      0 |   1257 |   2 |  748.0 |
       Dungeon |   1496 |   1454 |     42 |      0 |   1257 |   2 |  748.0 |
               +--------+--------+--------+--------+--------+-----+--------+

Top non-repeatable levels by time:
     D:1: 893 daAuts
     D:2: 602 daAuts
